 Dungeon Crawl Stone Soup version 0.23.2-40-g277498a001 (webtiles) character file.

Game seed: 16649472289795793029

254 Descartes the Ruffian (level 6, -2/30 HPs)
             Began as a Vine Stalker Transmuter on Oct 13, 2019.
             Slain by a bullfrog (6 damage)
             ... in a sewer.
             The game lasted 00:09:29 (5401 turns).

Descartes the Ruffian (Vine Stalker Transmuter)     Turns: 5401, Time: 00:09:30

Health: -2/30      AC:  7    Str: 15    XL:     6   Next: 15%
Magic:  0/11       EV: 11    Int: 17    God:
Gold:   240        SH:  0    Dex: 14    Spells: 8/11 levels left

rFire    . . .     SeeInvis .     - Unarmed
rCold    . . .     Gourm    .   (no shield)
rNeg     . . .     Faith    .   e - +0 ring mail
rPois    .         Spirit   +   (no helmet)
rElec    .         Reflect  .   r - +1 cloak
rCorr    .         Harm     .   (no gloves)
MR       .....                  (no boots)
Stlth    +.........             (no amulet)
HPRegen  0.50/turn              u - +4 ring of intelligence
MPRegen  0.12/turn              (no ring)

@: no status effects
A: fangs 2, regeneration 1, magic shield, antimagic bite, no potion heal 3, rot
immunity
a: no special abilities


You were in a sewer.
You were not hungry.

You visited 1 branch of the dungeon, and saw 3 of its levels.
You also visited: Sewer.

You collected 240 gold pieces.

Inventory:

Missiles
 a - 26 arrows
 g - 76 stones (quivered)
 j - 17 tomahawks
 k - 55 bolts
 q - 18 sling bullets
 s - 8 javelins
 t - 2 throwing nets
 y - 5 poisoned needles
Armour
 b - a +0 robe
 e - a +0 ring mail (worn)
 r - a +1 cloak (worn)
Jewellery
 u - a +4 ring of intelligence (left hand)
Wands
 n - a wand of disintegration (13)
 x - a wand of iceblast (7)
Scrolls
 c - 3 scrolls of fear
 h - 3 scrolls of identify
 o - a scroll of teleportation
 w - 2 scrolls of remove curse
Potions
 f - a potion of magic
 i - a potion of flight {unknown}
 l - 2 potions of curing {unknown}
 v - a potion of haste
 z - a potion of invisibility {unknown}
 A - a potion of mutation {unknown}
 B - a potion of lignification {unknown}
Comestibles
 d - 7 rations
 m - 7 chunks of flesh


   Skills:
 + Level 2.0 Fighting
 + Level 2.3 Dodging
 + Level 2.4 Stealth
 * Level 4.4 Unarmed Combat
 + Level 3.0 Spellcasting
 + Level 3.0 Transmutations


You had 8 spell levels left.
You knew the following spells:

 Your Spells              Type           Power        Failure   Level  Hunger
a - Beastly Appendage     Tmut           ##....       10%         1    None
b - Sticks to Snakes      Tmut           ##......     16%         2    ##.....

Your spell library contained the following spells:

 Spells                   Type           Power        Failure   Level  Hunger
 Spider Form              Tmut/Pois      #.........   50%         3    ###....
 Ice Form                 Ice/Tmut       #.......     88%         4    ####...
 Blade Hands              Tmut           ##........   95%         5    ######.


Dungeon Overview and Level Annotations

Branches:
Dungeon (3/15)

Altars:


Innate Abilities, Weirdness & Mutations

You have extremely sharp teeth.
Your natural rate of healing is unusually fast.
When hurt, damage is shared between your health and your magic reserves.
Your bite disrupts and absorbs the magic of your enemies.
Potions cannot restore your health.
You are immune to rotting.


Message History

The bullfrog is almost dead.
The bullfrog hits you.
* * * LOW HITPOINT WARNING * * *
The bullfrog barely misses you. The bullfrog hits you!
* * * LOW HITPOINT WARNING * * *
You punch the bullfrog!
You kill the bullfrog!
Your Fighting skill increases to level 2!
Your Spellcasting skill increases to level 3!
Your Transmutations skill increases to level 3!
You have reached level 6!
Your experience leads to an increase in your attributes!
Your base attributes are Str 14, Int 13, Dex 14.
Increase (S)trength, (I)ntelligence, or (D)exterity?
You feel stronger. The bullfrog closely misses you.
You hit the bullfrog.
The bullfrog is lightly wounded.
The bullfrog hits you!
You die...

.# ### #.≈≈≈.# ≈# ##≈≈≈≈≈≈####
#≈≈≈≈÷# ≈#
≈≈≈≈≈≈≈≈≈≈≈####≈≈≈≈.# ≈#
≈≈≈≈≈≈≈≈≈≈≈≈≈##≈≈≈≈.# ≈#
##≈≈≈≈≈≈≈≈≈≈≈≈∩≈≈≈≈#≈≈≈≈≈# ≈#
#≈≈≈≈≈≈≈≈.≈≈≈...≈≈≈≈≈≈≈≈≈# .#
#≈≈≈≈≈...$.≈.≈≈≈≈≈≈≈≈≈≈≈≈# ≈#
#≈≈≈≈≈≈.)??≈≈.≈≈≈≈≈≈≈≈≈≈≈# ≈#
#≈≈≈≈≈≈≈≈)≈≈@.≈≈≈≈≈≈≈≈≈≈≈# .#
#≈≈≈≈≈≈≈≈≈≈..F.≈≈≈≈≈≈≈≈≈≈# .#
#≈≈≈≈≈≈≈≈≈≈≈≈≈≈≈≈≈≈≈≈≈≈≈# ≈#
#≈≈≈≈≈≈≈≈≈≈≈≈≈≈≈≈≈≈.≈≈≈≈#
≈#######≈≈≈≈≈≈≈≈≈≈≈≈≈≈≈≈.≈≈≈.#
≈≈≈.........≈≈≈≈≈≈≈≈≈≈..≈≈≈≈.#
≈≈≈≈≈≈≈≈≈≈≈≈≈≈≈≈≈≈≈≈≈≈≈≈≈≈≈≈.#
≈≈≈≈≈≈≈≈≈≈≈≈≈≈≈≈≈≈≈≈≈≈≈≈≈≈≈≈.#
≈≈≈≈≈≈≈≈≈≈≈≈≈≈≈≈≈≈≈≈≈≈≈≈≈≈≈..#


You could see a bullfrog.

Vanquished Creatures
  A bullfrog (Sewer)
  A hound skeleton (D:3)
  3 gnolls (D:2)
  3 adders
  3 river rats (D:3)
  A worm (D:3)
  2 dart slugs (D:3)
  3 leopard geckos
  6 orcs
  3 bats
  7 giant cockroaches
  7 hobgoblins
  7 jackals
  5 ball pythons
  11 frilled lizards
  5 goblins
  13 kobolds
  6 rats
87 creatures vanquished.

Notes
Turn   | Place    | Note
-------+----------+-------------------------------------------
     0 | D:1      | Descartes the Vine Stalker Transmuter began the quest for
                  | the Orb.
     0 | D:1      | Reached XP level 1. HP: 9/9 MP: 4/4
    94 | D:1      | Reached skill level 1 in Fighting
   571 | D:1      | Reached XP level 2. HP: 14/14 MP: 6/6
  1344 | D:2      | Reached XP level 3. HP: 13/18 MP: 7/7
  2022 | D:2      | Reached skill level 1 in Stealth
  3024 | D:2      | Gained mutation: Your natural rate of healing is unusually
                  | fast. [Vine Stalker growth]
  3024 | D:2      | Reached XP level 4. HP: 13/22 MP: 6/8
  4688 | D:3      | Learned a level 2 spell: Sticks to Snakes
  4871 | D:3      | Reached XP level 5. HP: 16/25 MP: 7/10
  4891 | D:3      | Reached skill level 4 in Unarmed Combat
  5114 | D:3      | Found a glowing drain.
  5148 | Sewer    | Entered a sewer
  5400 | Sewer    | Reached XP level 6. HP: 3/30 MP: 1/11
  5401 | Sewer    | Slain by a bullfrog

Skill      XL: |  1  2  3  4  5 |
---------------+----------------+-----
Fighting       | 1 2 |  2.0
Stealth        | 1 2 |  2.4
Dodging        | 2 |  2.3
Unarmed Combat | 4 |  4.4
Spellcasting   | 3 |  3.0
Transmutations | 3 |  3.0

Action                   |  1- 3 |  4- 6 || total
-------------------------+-------+-------++-------
Melee: Unarmed           |   188 |   202 ||   390
       Bite              |    43 |    55 ||    98
       Punch             |       |     2 ||     2
 Cast: Beastly Appendage |     1 |       ||     1
  Use: Scroll            |       |     7 ||     7
  Eat: Chunk             |     7 |     4 ||    11
       Ration            |       |     1 ||     1
Armor: Ring mail         |    93 |    65 ||   158
Dodge: Dodged            |   139 |   124 ||   263
